 Dungeon Crawl Stone Soup version 0.31-a0-692-gf03d1854d5 (webtiles) character file.

Game seed: 2069015737640751663

135 qw the Shooter (level 5, -2/32 HPs)
             Began as a Gargoyle Hunter on Sept 6, 2023.
             Slain by Duvessa
             ... wielding a +2 short sword of venom
              (8 damage)
             ... on level 4 of the Dungeon.
             The game lasted 00:00:57 (2263 turns).

qw the Shooter (Gargoyle Hunter)                    Turns: 2263, Time: 00:00:57

Health: -2/32      AC:  8    Str: 14    XL:     5   Next: 18%
Magic:  5/5        EV: 12    Int: 10    God:
Gold:   92         SH:  0    Dex: 21    Spells: 4/4 levels left

rFire   . . .        Y - +0 shortbow
rCold   . . .        (shield currently unavailable)
rNeg    + . .        c - +0 leather armour
rPois   inf          (no helmet)
rElec   +            k - +0 cloak
rCorr   +            (no gloves)
SInv    .            (no boots)
Will    .....        (no amulet)
Stlth   ++           d - +6 ring of dexterity
HPRegen 0.25/turn    g - ring of resist corrosion
MPRegen 0.09/turn

%: no passive effects
@: no status effects
A: sickness immunity, AC +4, negative energy resistance 1, electricity
resistance, torment resistance 1, petrification resistance
a: no special abilities


You were on level 4 of the Dungeon.
You visited 1 branch of the dungeon, and saw 4 of its levels.

You collected 126 gold pieces.
You spent 34 gold pieces at shops.


Innate Abilities, Weirdness & Mutations

You are immune to sickness and miasma.
Your stone body is resilient. (AC +4)
You are immune to poison.
You resist negative energy. (rN+)
You are resistant to electric shocks. (rElec)
You are resistant to unholy torment.
You are immune to petrification.


   Skills:
 - Level 3.1 Fighting
 + Level 5.9 Ranged Weapons
 - Level 1.5 Dodging
 - Level 1.1 Stealth


You had 4 spell levels left.
You didn't know any spells.
Your spell library was empty.

Inventory:

Hand Weapons
 Y - a +0 shortbow (weapon)
Armour
 c - a +0 leather armour (worn)
 k - a +0 cloak (worn)
Jewellery
 d - a +6 ring of dexterity (left hand)
 e - a ring of ice
 g - a ring of resist corrosion (right hand)
Scrolls
 h - a scroll of identify
Potions
 b - a potion of resistance
 f - a potion of curing {unknown}
 i - a potion of brilliance {unknown}
 j - a potion of might
 l - a potion of magic {unknown}

Dungeon Overview and Level Annotations

Branches:
Dungeon (4/15)
 Temple: D:4-7

Altars:

Shops:
D:1 ?!![*

Annotations:
D:3 Eustachio
D:4 Dowan, Duvessa


Message History

There is a stone staircase leading up here.
You now have 92 gold pieces (gained 6).
Enter note:
Enter note:
2249 |||
Found retreat position at -5,4 (floor) with 0 blocking monsters and 1 monsters attacking at destination at distance 5 x2
2249 ||| RETREATING.
Dowan gestures at you while chanting. The puff of flame hits you!
2250 |||
Found retreat position at -4,3 (floor) with 0 blocking monsters and 1 monsters attacking at destination at distance 4
2251 |||
Found retreat position at -3,2 (floor) with 0 blocking monsters and 1 monsters attacking at destination at distance 3
2252 |||
Found retreat position at -2,1 (floor) with 0 blocking monsters and 1 monsters attacking at destination at distance 2
2253 |||
Found retreat position at -1,0 (floor) with 0 blocking monsters and 1 monsters attacking at destination at distance 1 You shoot an arrow.
The arrow barely misses Dowan.
Dowan casts a spell.
Dowan blinks!
2255 ||| FLEEEEING.
2256 ||| FLEEEEING.
Duvessa gestures with her weapon.
2257 |||
Found retreat position at -2,-1 (floor) with 0 blocking monsters and 1 monsters attacking at destination at distance 2 x2
2257 ||| RETREATING.
2258 |||
Found retreat position at -1,0 (floor) with 0 blocking monsters and 1 monsters attacking at destination at distance 1 You shoot an arrow.
The arrow hits Duvessa but does no damage.
You shoot an arrow. The arrow barely misses Duvessa.
The arrow hits Dowan.
Dowan is lightly wounded.
Duvessa hits you with a +2 short sword of venom!
You shoot an arrow. The arrow barely misses Duvessa.
The arrow hits Dowan but does no damage.
Dowan is lightly wounded.
Dowan says, "Magic and the sword, together, will defeat you."
Dowan casts a spell.
Dowan blinks!
Duvessa hits you with a +2 short sword of venom!
You shoot an arrow. The arrow barely misses Duvessa.
You hear the slow hiss of a very distant avalanche of sand.
Duvessa hits you with a +2 short sword of venom.
You shoot an arrow. The arrow hits Duvessa!
Duvessa is moderately wounded.
Duvessa hits you with a +2 short sword of venom!
You die...

##...##.....
#...####...
##.....# ##.
#......# # ##..#
.# ##..## ...
##...##...#
###e........#
#@e...ยค.##..#
###...### ..#
#.#...##..#
#..###....#
#...##..###
#....#.##
##......#
#.......######
####.........###


You could see Duvessa and Dowan.

Vanquished Creatures
  Jessica (D:3)
  An adder (D:3)
  3 gnolls (D:2)
  A worm (D:2)
  2 dart slugs
  3 ball pythons
  3 bats
  2 endoplasms
  3 giant cockroaches
  9 goblins
  10 hobgoblins
  3 jackals (D:1)
  7 kobolds
  3 quokkas
  3 frilled lizards
  3 rats (D:3)
57 creatures vanquished.

Notes
Turn   | Place    | Note
-------+----------+-------------------------------------------
     0 | D:1      | qw the Gargoyle Hunter began the quest for the Orb.
     0 | D:1      | Reached XP level 1. HP: 12/12 MP: 1/1
     0 | D:1      | 0 ||| qw: Version: 0.3-a-76-g4403597
     0 | D:1      | 0 ||| qw: Game counter: 231
     0 | D:1      | 0 ||| qw: Melee chars always use a shield: true
     0 | D:1      | 0 ||| qw: God list: Okawaru
     0 | D:1      | 0 ||| qw: Allow faded altars: false
     0 | D:1      | 0 ||| qw: Do Orc after clearing Dungeon:15 true
     0 | D:1      | 0 ||| qw: Do second Lair branch before Depths: true
     0 | D:1      | 0 ||| qw: Lair rune preference: random
     0 | D:1      | 0 ||| qw: Goals: Normal
     0 | D:1      | 0 ||| PLANNING D:1-11
    27 | D:1      | You fall into a shaft and drop 1 floor!
   236 | D:2      | 236 ||| UPGRADING to +6 ring of dexterity.
   237 | D:2      | 237 ||| UPGRADING to ring of resist corrosion.
   238 | D:2      | 238 ||| READING scroll labelled GYETUADY BYCROWO.
   239 | D:2      | 239 ||| READING scroll labelled POT ROMIFFIUHI.
   240 | D:2      | 240 ||| DROPPING scroll of butterflies.
   243 | D:2      | Reached XP level 2. HP: 17/17 MP: 2/2
   246 | D:2      | 246 ||| FLEEEEING.
   248 | D:2      | 248 ||| FLEEEEING.
   249 | D:2      | 249 ||| FLEEEEING.
   250 | D:2      | 250 ||| FLEEEEING.
   251 | D:2      | 251 ||| STAIRDANCE
   252 | D:1      | Found Goompedu's Assorted Antiques.
   276 | D:1      | 276 ||| SHOPLISTING 2 scrolls of identify (76 gold, have
                  | 35).
   276 | D:1      | 276 ||| SHOPLISTING scroll of identify (38 gold, have 35).
   276 | D:1      | 276 ||| BUYING silvery potion (17 gold).
   276 | D:1      | Bought a silvery potion for 17 gold pieces
   276 | D:1      | 276 ||| BUYING yellow potion (17 gold).
   276 | D:1      | Bought a yellow potion for 17 gold pieces
   279 | D:1      | Found Nydyif Ynonk's Distillery.
   290 | D:1      | 290 ||| SHOPLISTING potion of cancellation (80 gold, have
                  | 1).
   290 | D:1      | 290 ||| SHOPLISTING potion of curing (30 gold, have 1).
   318 | D:1      | 318 ||| Stepping ~*~*~tactically~*~*~ (retreating).
   319 | D:1      | 319 ||| Stepping ~*~*~tactically~*~*~ (retreating).
   320 | D:1      | 320 ||| Stepping ~*~*~tactically~*~*~ (retreating).
   321 | D:1      | 321 ||| Stepping ~*~*~tactically~*~*~ (retreating).
   322 | D:1      | 322 ||| Stepping ~*~*~tactically~*~*~ (retreating).
   334 | D:1      | Reached XP level 3. HP: 18/21 MP: 3/3
   366 | D:1      | Found Wovvommo's Magic Scroll Boutique.
   376 | D:1      | Reached skill level 5 in Ranged Weapons
   380 | D:1      | 380 ||| SHOPLISTING scroll of enchant armour (105 gold,
                  | have 18).
   380 | D:1      | 380 ||| SHOPLISTING scroll of identify (28 gold, have 18).
   380 | D:1      | 380 ||| SHOPLISTING scroll of teleportation (42 gold, have
                  | 18).
   386 | D:1      | Found Woenadwu's Distillery.
   396 | D:1      | 396 ||| SHOPLISTING 2 potions of mutation (192 gold, have
                  | 18).
   396 | D:1      | 396 ||| SHOPLISTING potion of cancellation (96 gold, have
                  | 18).
   396 | D:1      | 396 ||| SHOPLISTING potion of enlightenment (60 gold, have
                  | 18).
   396 | D:1      | 396 ||| SHOPLISTING potion of haste (120 gold, have 18).
   396 | D:1      | 396 ||| SHOPLISTING potion of might (48 gold, have 18).
   688 | D:1      | Found Wunuy's Antique Armour Emporium.
   697 | D:1      | 697 ||| SHOPLISTING -2 hat of the Alchemist {rElec rPois
                  | rF+ rC+ rN+ Will+ rMut rCorr} (1227 gold, have 18).
   697 | D:1      | 697 ||| SHOPLISTING pair of boots (117 gold, have 18).
   697 | D:1      | 697 ||| SHOPLISTING ring mail (104 gold, have 18).
   791 | D:1      | 791 ||| READING scroll labelled KEAKO IHEE.
  1044 | D:2      | 1044 ||| Stepping ~*~*~tactically~*~*~ (outnumbered).
  1046 | D:2      | 1046 ||| Stepping ~*~*~tactically~*~*~ (outnumbered).
  1047 | D:2      | 1047 ||| Stepping ~*~*~tactically~*~*~ (outnumbered).
  1049 | D:2      | 1049 ||| Stepping ~*~*~tactically~*~*~ (retreating).
  1050 | D:2      | 1050 ||| Stepping ~*~*~tactically~*~*~ (retreating).
  1051 | D:2      | 1051 ||| Stepping ~*~*~tactically~*~*~ (retreating).
  1053 | D:2      | Reached skill level 3 in Fighting
  1059 | D:2      | Reached XP level 4. HP: 28/28 MP: 4/4
  1322 | D:2      | 1322 ||| READING scroll labelled HUROHI JUARUPH.
  1323 | D:2      | 1323 ||| READING scroll labelled FAGEFYOSH.
  1326 | D:2      | 1326 ||| DRINKING 2 clear potions.
  1950 | D:3      | Noticed Jessica
  1953 | D:3      | Killed Jessica
  1954 | D:3      | Reached XP level 5. HP: 32/32 MP: 5/5
  2039 | D:3      | 2039 ||| UPGRADING to +0 cloak.
  2044 | D:3      | 2044 ||| READING 3 scrolls of identify.
  2044 | D:3      | 2044 ||| IDENTIFYING silvery potion
  2045 | D:3      | 2045 ||| READING 2 scrolls of identify.
  2045 | D:3      | 2045 ||| IDENTIFYING yellow potion
  2046 | D:3      | 2046 ||| DROPPING potion of invisibility.
  2101 | D:4      | Noticed Duvessa
  2101 | D:4      | Noticed Dowan
  2101 | D:4      | Noticed Eustachio
  2102 | D:4      | 2102 ||| PLANNING OSSUARY
  2108 | D:4      | 2108 ||| STAIRDANCE
  2117 | D:4      | 2117 ||| STAIRDANCE
  2124 | D:3      | 2124 ||| FLEEEEING.
  2126 | D:3      | 2126 ||| FLEEEEING.
  2127 | D:3      | 2127 ||| FLEEEEING.
  2128 | D:3      | 2128 ||| FLEEEEING.
  2129 | D:3      | 2129 ||| FLEEEEING.
  2130 | D:3      | 2130 ||| FLEEEEING.
  2139 | D:3      | 2139 ||| STAIRDANCE
  2249 | D:4      | 2249 ||| RETREATING.
  2255 | D:4      | 2255 ||| FLEEEEING.
  2256 | D:4      | 2256 ||| FLEEEEING.
  2257 | D:4      | 2257 ||| RETREATING.
  2262 | D:4      | HP: 5/32 [Duvessa/+2 short sword of venom (6)]
  2263 | D:4      | Slain by Duvessa

Levels and vault maps discovered:
D:1:      evilmike_arrival_hilbert_curve, layout_rooms, serial_shops,
          nicolae_lakefront_shop, shop, shop, nicolae_shop_stone, shop_fountains
D:2:      wander_river, layout_basic
D:3:      layout_loops_ring, uniq_jessica
D:4:      layout_layer_cave, mainiacjoe_overflow_tiny_flanked,
          mainiacjoe_overflow_two_lobes, gup_ossuary_entry_pyramid,
          kennysheep_generic_room_5, uniq_duvessa, uniq_robin, uniq_eustachio

Skill      XL: |  1  2  3 |
---------------+----------+-----
Ranged Weapons | 5 |  5.9
Fighting       | 3 |  3.1
Dodging        | |  1.5
Stealth        | |  1.1

Action                     |  1- 3 |  4- 6 || total
---------------------------+-------+-------++-------
   Fire: Shortbow          |    91 |    80 ||   171
    Use: Scroll            |     3 |     4 ||     7
         Potion            |       |     1 ||     1
 Armour: Leather armour    |    23 |    21 ||    44
  Dodge: Dodged            |    27 |    14 ||    41

Table legend:
 A = Non-vault XP
 B = Vault XP
 C = Vault XP percentage of total XP
 D = Non-vault monster count
 E = Vault monster count
 F = Vault count percentage of total count
                 A         B        C        D         E       F
            +---------+---------+-------+---------+---------+-------
      Total |     156 |      37 |  19.2 |      56 |       1 |   1.8
            +---------+---------+-------+---------+---------+-------
        D:1 |      47 |       0 |   0.0 |      24 |       0 |   0.0
        D:2 |      69 |       0 |   0.0 |      16 |       0 |   0.0
        D:3 |      40 |      37 |  48.1 |      16 |       1 |   5.9
            +---------+---------+-------+---------+---------+-------
